 Dungeon Crawl Stone Soup version 0.25-a0-589-g1e14c54 (webtiles) character file.

Game seed: 8100978469136534543, levelgen mode: deterministic

133257 Faels the Nimble (level 16, -7/144 HPs)
             Began as a Demonspawn Assassin on Mar 11, 2020.
             Was the Champion of Okawaru.
             Collided with a rock wall (20 damage)
             ... caused by a deep elf knight
             ... on level 1 of the Elven Halls.
             The game lasted 01:51:12 (34530 turns).

Faels the Nimble (Demonspawn Assassin)             Turns: 34530, Time: 01:51:12

Health: -7/144     AC: 19    Str: 18    XL:     16   Next: 59%
Magic:  22/22      EV: 22    Int: 17    God:    Okawaru [******]
Gold:   522        SH: 17    Dex: 21    Spells: 14/23 levels left

rFire    + . .     SeeInvis .   l - +7 dagger (venom)
rCold    + + .     Gourm    .   D - +4 kite shield
rNeg     + . .     Faith    +   T - quicksilver dragon scales of the Sky {MR+ Str+6 Int+3}
rPois    .         Spirit   .   p - +0 helmet {Int+3}
rElec    .         Reflect  .   L - scarf {cloud immunity}
rCorr    +         Harm     .   V - +2 pair of gloves "Zexkaima" {rN+ rCorr Int-2}
MR       ++...                  (boots unavailable)
Stlth    ++++......             G - amulet of faith
HPRegen  0.34/turn              v - ring of protection from cold
MPRegen  0.18/turn              W - ring of wizardry

@: no status effects
A: talons 3, icy blue scales 3, demonic guardian 2, fire resistance 1, sense
surroundings 1, robust 2, wild magic 1
a: Heroism, Finesse, Renounce Religion


You were on level 1 of the Elven Halls.
You worshipped Okawaru.
Okawaru was exalted by your worship.
You were hungry.

You visited 6 branches of the dungeon, and saw 25 of its levels.
You also visited: Sewer and Bailey.

You collected 2598 gold pieces.
You spent 2076 gold pieces at shops.

Inventory:

Hand Weapons
 g - the +5 falchion of Muloah {flame, rN+ Int-4 Dex+2}
   (Okawaru gifted it to you on level 14 of the Dungeon)

   It has been specially enchanted to burn those struck by it, causing extra
   injury to most foes and up to half again as much damage against particularly
   susceptible opponents.
   Big, fiery blades are also staple armaments of hydra-hunters.
   It affects your intelligence (-4).
   It affects your dexterity (+2).
   It protects you from negative energy.
 l - a +7 dagger of venom (weapon)
 F - a +6 scimitar of flaming
Missiles
 d - 30 poisoned darts (quivered)
 e - 7 curare-tipped darts
 j - a throwing net
 R - 22 javelins
Armour
 p - a +0 helmet of intelligence (worn)
 D - a +4 kite shield (worn)
 L - a scarf of cloud immunity (worn)
 S - a +3 ring mail of fire resistance
 T - the quicksilver dragon scales of the Sky (worn) {MR+ Str+6 Int+3}
   (Okawaru gifted it to you on level 9 of the Dungeon)

   It affects your strength (+6).
   It affects your intelligence (+3).
   It affects your resistance to hostile enchantments.
 V - the +2 pair of gloves "Zexkaima" (worn) {rN+ rCorr Int-2}
   (Okawaru gifted it to you on level 2 of the Orcish Mines)

   It affects your intelligence (-2).
   It protects you from negative energy.
   It provides partial protection from all sources of acid and corrosion.
Jewellery
 b - the ring of Wagg {*Tele *Corrode rC- rN+++ Int+4}
   (You bought it in a shop on level 1 of the Orcish Mines)

   [ring of teleportation]

   It may teleport you next to monsters.
   It affects your intelligence (+4).
   It makes you vulnerable to cold.
   It renders you almost immune to negative energy.
   It may corrode you when you take damage.
 v - a ring of protection from cold (left hand)
 G - an amulet of faith (around neck)
 W - a ring of wizardry (right hand)
Wands
 B - a wand of flame (18)
 E - a wand of paralysis (5)
 I - a wand of digging (9)
 K - a wand of iceblast (9)
 Q - a wand of polymorph (5)
 U - a wand of disintegration (8)
 Y - a wand of enslavement (19)
Scrolls
 c - 2 scrolls of silence
 k - 9 scrolls of remove curse
 n - 7 scrolls of teleportation
 o - 4 scrolls of fear
 s - 2 scrolls of identify
 u - 3 scrolls of fog
 A - 4 scrolls of blinking
Potions
 a - 2 potions of invisibility
 h - 4 potions of flight
 i - 3 potions of haste
 m - 4 potions of might
 r - 7 potions of resistance
 w - 11 potions of curing
 x - 2 potions of cancellation
 z - 5 potions of heal wounds
 C - a potion of lignification
 N - 4 potions of stabbing
 X - a potion of berserk rage
 Z - a potion of magic
Miscellaneous
 H - a phantom mirror
 M - a phial of floods (inert)
 O - a fan of gales
 P - a lamp of fire (inert)
Comestibles
 f - 25 rations


   Skills:
 - Level 9.0 Fighting
 - Level 10.0(10.9) Short Blades
 - Level 7.2(9.6) Long Blades
 - Level 4.4 Throwing
 - Level 4.3 Armour
 - Level 14.7 Dodging
 - Level 11.1 Stealth
 - Level 10.4 Shields
 - Level 4.2 Spellcasting
 + Level 2.8 Conjurations
 + Level 3.1 Transmutations
 + Level 2.5 Fire Magic
 + Level 3.2 Air Magic
 + Level 6.0 Poison Magic
 - Level 7.5 Invocations
 - Level 5.6 Evocations


You had 14 spell levels left.
You knew the following spells:

 Your Spells              Type           Power        Failure   Level  Hunger
a - Sting                 Tmut/Pois      ####         4%          1    None
b - Poisonous Vapours     Pois/Air       ####..       6%          2    ##.....
c - Ignite Poison         Fire/Tmut/Pois ###.....     16%         3    ###....
d - Mephitic Cloud        Conj/Pois/Air  ###.....     14%         3    ###....

Your spell library contained the following spells:

 Spells                   Type           Power        Failure   Level  Hunger
 Passwall                 Tmut/Erth      ##......     21%         2    ##.....
 Olgreb's Toxic Radiance  Pois           ####....     21%         4    ####...
 Apportation              Tloc           #.....       24%         1    None
 Corona                   Hex            #......      24%         1    None
 Infusion                 Chrm           #...         24%         1    None
 Sandblast                Erth           #.....       24%         1    None
 Summon Butterflies       Summ           #.......     24%         1    None
 Shroud of Golubria       Chrm/Tloc      #.....       34%         2    ##.....
 Slow                     Hex            #.......     34%         2    ##.....
 Song of Slaying          Chrm           #.......     34%         2    ##.....
 Inner Flame              Hex/Fire       ##......     38%         3    ###....
 Stone Arrow              Conj/Erth      ##....       38%         3    ###....
 Confusing Touch          Hex            #.......     54%         3    ###....
 Gell's Gravitas          Tloc           #.........   54%         3    ###....
 Lesser Beckoning         Tloc           #.........   54%         3    ###....
 Ozocubu's Armour         Chrm/Ice       #.......     54%         3    ###....
 Portal Projectile        Hex/Tloc       #.....       54%         3    ###....
 Recall                   Summ/Tloc      N/A          54%         3    ###....
 Spectral Weapon          Hex/Chrm       #.......     54%         3    ###....
 Tukima's Dance           Hex            #.......     54%         3    ###....
 Alistair's Intoxication  Tmut/Pois      ####....     65%         5    ######.
 Ice Form                 Ice/Tmut       ##......     71%         4    ####...
 Petrify                  Tmut/Erth      ##......     71%         4    ####...
 Irradiate                Conj/Tmut      ###.......   85%         5    ######.
 Animate Dead             Necr           N/A          89%         4    ####...
 Cause Fear               Hex            #.........   89%         4    ####...
 Leda's Liquefaction      Hex/Erth       #.........   89%         4    ####...
 Yara's Violent Unravell  Hex/Tmut       ##........   95%         5    ######.
 Borgnjor's Vile Clutch   Necr/Erth      #.........   99%         5    ######.
 Lee's Rapid Deconstruct  Erth           #.........   99%         5    ######.
 Metabolic Englaciation   Hex/Ice        #.........   99%         5    ######.
 Death Channel            Necr           #.........   100%        6    #######
 Freezing Cloud           Conj/Ice/Air   ##........   100%        6    #######
 Hydra Form               Tmut           ###.......   100%        6    #######
 Invisibility             Hex            #.......     100%        6    #######
 Ozocubu's Refrigeration  Ice            #.........   100%        6    #######
 Simulacrum               Ice/Necr       #.........   100%        6    #######
 Statue Form              Tmut/Erth      ##.......    100%        6    #######
 Dragon Form              Tmut           ###.......   100%        7    #######


Dungeon Overview and Level Annotations

Branches:
Dungeon (14/15)            Temple (1/1) D:5            Lair (6/6) D:9
 Shoals (0/4) Lair:4       Spider (1/4) Lair:3        Slime (0/5) Lair:5
    Orc (2/2) D:9             Elf (1/3) Orc:2        Vaults (0/5) D:13
  Sewer (visited)          Bailey (visited)

Altars:
Ashenzari
Cheibriados
Dithmenos
Elyvilon
Fedhas
Gozag
Hepliaklqana
Kikubaaqudgha
Makhleb
Nemelex Xobeh
Okawaru
Qazlal
Ru
Sif Muna
Trog
Uskayaw
Vehumet
Wu Jian
Xom
Yredelemnul
Zin
The Shining One

Shops:
Orc:1 *   Orc:2 !?%:

Annotations:
D:8 3 runed translucent doors, Caerwyn's ghost, novice FeBe


Innate Abilities, Weirdness & Mutations

You have claws for feet.
You are completely covered in icy blue scales. (AC +4, rC+)
A demonic guardian rushes to your aid.
Your flesh is heat resistant. (rF+)
You are very robust. (+20% HP)
You passively map a small area around you.
Your spells are a little harder to cast, but a little more powerful.


Message History

You barely miss the deep elf knight. Your kick misses the deep elf knight.
The deep elf knight is severely wounded.
The deep elf knight gestures at you while chanting.
The stone arrow misses you.
You hit the deep elf knight but do no damage.
The deep elf knight looks as sick as possible!
The deep elf knight blocks your attack.
The deep elf knight is severely wounded.
Your orange demon stings the deep elf knight but does no damage.
You are feeling hungry.
You hit the deep elf knight but do no damage.
The deep elf knight looks as sick as possible!
The deep elf knight blocks your attack.
The deep elf knight is severely wounded.
The deep elf knight gestures at you while chanting.
The lance of force hits you!
* * * LOW HITPOINT WARNING * * *
You are knocked back by the lance of force.
You slam into the rock wall!
You die...

#.##. * #.#.# #.... #.#.#
####.## ##.#.#
#.....#####...#.##
#.......#....###.## *
*#....)...##.#...#.########
.##.......##.##.<.##........
..............#)..#.########
.##.......#)##@###.##
#.......#.##((#.## ,
*####.####.##(#)## * *
*#.....#..##...e..# ###**
#....#......(..### ##.#
#.......[.###(4########.##≈
#.........((.....4..##)#.#≈
,...........###.###.#.##.##
.$.....(...(##.##.....#..#≈


You could see a deep elf knight and a friendly orange demon.

Vanquished Creatures
  Nikola (Elf:1)
  Frances (Spider:1)
  Azrael (D:12)
  The ghost of jonnos the Cleaver, a journeyman MiFi of the Shining One (D:11)
  Snorg (D:12)
  The ghost of b5mith the Fighter, a journeyman MiBe of Trog (D:10)
  Erolcha (D:12)
  3 hydras
  A shambling mangrove (Lair:5)
  2 catoblepae
  2 centaur warriors
  2 death knights
  4 dancing weapons
  7 two-headed ogres
  4 ogre magi
  A tengu warrior (D:13)
  Urug (D:12)
  Sonja (D:12)
  2 death yaks (Lair:6)
  An orc high priest (Orc:1)
  4 deep elf knights (Elf:1)
  2 unseen horrors
  3 deep elf archers (Elf:1)
  An orc sorcerer (Orc:2)
  3 deep elf magi
  4 wolf spiders
  4 ugly things
  4 manticores
  3 cyclopes
  3 elephants (Lair:4)
  4 black mambas
  12 spiny frogs
  Maggie (Lair:2)
  8 komodo dragons
  A demonic crawler (Spider:1)
  3 rime drakes
  3 freezing wraiths (D:13)
  5 trolls
  2 wandering mushrooms (Lair:1)
  3 polar bears
  4 jumping spiders
  18 blink frogs
  10 slime creatures
  4 dream sheep (Lair:6)
  5 hippogriffs
  2 hornets
  3 centaur simulacra
  13 redbacks
  A spriggan (Lair:2)
  An air elemental (D:10)
  2 shadows
  2 basilisks
  2 wyverns
  35 yaks
  A tarantella (Spider:1)
  3 wraiths (D:11)
  2 fire elementals
  2 hogs (D:7)
  A hungry ghost (D:14)
  3 wargs
  An acid dragon (D:10)
  9 water moccasins
  2 hell hounds (D:12)
  8 porcupines
  8 ice beasts
  4 phantoms
  26 orc warriors
  A sky beast (D:13)
  6 necrophages (Lair:5)
  A black bear (Lair:2)
  18 wolves
  13 centaurs
  25 ogres
  8 crocodiles
  3 big kobolds
  15 bullfrogs
  A gnoll sergeant (D:8)
  A wyvern zombie (D:13)
  An earth elemental (D:10)
  2 scorpions
  6 wights
  11 killer bees
  3 electric eels
  3 howler monkeys
  A bullfrog zombie (D:9)
  4 centaur zombies
  7 crimson imps
  11 hounds
  5 jellies
  3 centaur skeletons
  12 orc priests
  3 bullfrog skeletons
  4 iguanas
  17 orc wizards
  5 worker ants
  A bullfrog simulacrum (D:10)
  3 ogre zombies (D:9)
  A hound skeleton (D:7)
  2 worker ant zombies
  11 gnolls
  10 adders
  4 shadow imps
  2 white imps (D:10)
  An ooze (D:5)
  2 adder zombies (D:5)
  A worm (D:5)
  6 leopard geckos
  71 orcs
  4 ball pythons
  11 bats
  4 giant cockroaches
  7 hobgoblins
  9 jackals
  22 kobolds
  A quokka (D:4)
  A ball python zombie (D:5)
  4 frilled lizards
  15 goblins
  A goblin skeleton (D:9)
  2 hobgoblin zombies (D:9)
  3 leopard gecko skeletons
  9 orc zombies (D:9)
  2 quokka skeletons
  A quokka zombie (D:5)
  6 rats
690 creatures vanquished.

Vanquished Creatures (collateral kills)
  2 hydras
  3 catoblepae (Lair:6)
  An ogre mage (Orc:2)
  A shambling mangrove (Lair:2)
  6 two-headed ogres (Orc:2)
  4 death yaks (Lair:6)
  A deep elf archer (Elf:1)
  A phantasmal warrior (D:13)
  4 ugly things (D:14)
  An orc knight (Orc:2)
  An orc sorcerer (Orc:2)
  3 deep elf magi (Elf:1)
  An elephant (Lair:4)
  2 spiny frogs (Lair:1)
  A komodo dragon (D:10)
  A freezing wraith (D:13)
  2 polar bears (D:10)
  A troll (D:10)
  A hornet (Lair:2)
  A hippogriff (D:8)
  2 slime creatures (D:14)
  3 dream sheep (Lair:6)
  7 blink frogs
  An air elemental (Elf:1)
  2 redbacks (Spider:1)
  22 yaks
  A human (D:7)
  2 hogs (D:7)
  2 fire elementals (D:12)
  2 hungry ghosts (D:9)
  2 wargs (Orc:2)
  3 water moccasins
  2 hell hounds (D:12)
  2 orc warriors
  2 ice beasts (D:10)
  A phantom (D:6)
  5 wolves
  A centaur (D:5)
  6 ogres
  2 crocodiles
  A big kobold (D:13)
  A scorpion (D:13)
  A wight (D:6)
  An electric eel (Lair:3)
  A centaur zombie (D:9)
  A hound (D:4)
  An orc priest (Orc:2)
  3 ogre zombies (D:9)
  A killer bee simulacrum (D:10)
  2 gnolls
  A shadow imp (D:8)
  A worker ant simulacrum (D:10)
  An ufetubus (D:10)
  A leopard gecko (D:6)
  12 orcs
  A goblin skeleton (D:9)
  2 goblin zombies (D:9)
  3 orc zombies (D:9)
143 creatures vanquished.

Vanquished Creatures (others)
  A deep elf knight (Elf:1)
  A shadow (D:13)
  A water elemental (D:10)
  A kobold (D:13)
  A hobgoblin zombie (D:9)
  5 fungi
  3 plants
  5 toadstools (D:1)
18 creatures vanquished.

Grand Total: 851 creatures vanquished

Notes
Turn   | Place    | Note
-------+----------+-------------------------------------------
     0 | D:1      | Faels the Demonspawn Assassin began the quest for the Orb.
     0 | D:1      | Reached XP level 1. HP: 16/16 MP: 1/1
   306 | D:1      | Gained mutation: Your flesh is heat resistant. (rF+)
                  | [demonic ancestry]
   306 | D:1      | Reached XP level 2. HP: 22/22 MP: 2/2
   836 | D:2      | Reached XP level 3. HP: 14/27 MP: 3/3
  1663 | D:2      | Gained mutation: You have sharp toenails. [demonic
                  | ancestry]
  1663 | D:2      | Reached XP level 4. HP: 29/33 MP: 4/4
  1954 | D:3      | Noticed an ogre
  2591 | D:3      | Found a stormy altar of Qazlal.
  2726 | D:3      | Found a hazy altar of Hepliaklqana.
  2772 | D:3      | Reached skill level 1 in Armour
  2894 | D:3      | Found a bloodstained altar of Trog.
  3124 | D:3      | Killed an ogre
  3124 | D:3      | Reached skill level 5 in Short Blades
  3124 | D:3      | Gained mutation: A weak demonic guardian rushes to your
                  | aid. [demonic ancestry]
  3124 | D:3      | Reached XP level 5. HP: 38/38 MP: 5/5
  3241 | D:4      | Gained mutation: A demonic guardian rushes to your aid.
                  | [demonic ancestry]
  3241 | D:4      | Reached XP level 6. HP: 44/44 MP: 6/6
  3493 | D:4      | Found a shimmering altar of Xom.
  3495 | D:4      | Found a shimmering altar of Xom.
  3611 | D:4      | Gained mutation: You passively map a small area around you.
                  | [potion of mutation]
  3611 | D:4      | Gained mutation: You are robust. (+10% HP) [potion of
                  | mutation]
  3611 | D:4      | Gained mutation: Your spells are a little harder to cast,
                  | but a little more powerful. [potion of mutation]
  3831 | D:4      | Found a shimmering altar of Xom.
  4083 | D:4      | Reached skill level 1 in Dodging
  4205 | D:4      | Noticed an orc warrior
  4303 | D:4      | Killed an orc warrior
  4303 | D:4      | Reached skill level 1 in Shields
  4303 | D:4      | Gained mutation: You have razor-sharp toenails. [demonic
                  | ancestry]
  4303 | D:4      | Reached XP level 7. HP: 41/55 MP: 7/7
  4456 | D:5      | Entered Level 5 of the Dungeon
  4490 | D:5      | Found a staircase to the Ecumenical Temple.
  4599 | Temple   | Entered the Ecumenical Temple
  4649 | Temple   | Became a worshipper of Warmaster Okawaru
  4772 | D:5      | Reached skill level 2 in Dodging
  5329 | D:5      | Reached * piety under Okawaru
  5539 | D:5      | Gained mutation: You are partially covered in icy blue
                  | scales. (AC +2) [demonic ancestry]
  5539 | D:5      | Reached XP level 8. HP: 43/61 MP: 8/8
  5861 | D:6      | Reached skill level 3 in Dodging
  6013 | D:6      | Found a glowing drain.
  6031 | Sewer    | Entered a sewer
  6265 | Sewer    | Reached ** piety under Okawaru
  6648 | D:6      | Reached skill level 4 in Dodging
  6760 | D:6      | Found a basalt altar of Yredelemnul.
  7014 | D:7      | Reached XP level 9. HP: 67/67 MP: 9/9
  7127 | D:7      | Reached *** piety under Okawaru
  7543 | D:7      | Reached skill level 5 in Dodging
  7549 | D:7      | Reached skill level 5 in Shields
  8015 | D:8      | Found a hide-covered altar of Uskayaw.
  8017 | D:8      | Noticed a +0 dagger
  8017 | D:8      | Noticed a +0 dagger
  8034 | D:8      | Reached **** piety under Okawaru
  8434 | D:8      | Found a runed translucent gate.
  8435 | D:8      | Found a runed translucent gate.
  8436 | D:8      | Found a runed translucent gate.
  8530 | D:8      | Noticed Caerwyn's ghost (novice FeBe)
  8608 | D:8      | Reached skill level 10 in Short Blades
  9232 | D:9      | Gained mutation: You are mostly covered in icy blue scales.
                  | (AC +3) [demonic ancestry]
  9232 | D:9      | Reached XP level 10. HP: 73/73 MP: 10/10
  9268 | D:9      | Found an opulent altar of Gozag.
  9280 | D:9      | Reached ***** piety under Okawaru
  9290 | D:9      | Reached skill level 1 in Invocations
  9565 | D:9      | Found a glowing silver altar of Zin.
  9610 | D:9      | Found a staircase to the Orcish Mines.
  9627 | D:9      | Reached skill level 1 in Evocations
  9641 | D:9      | Reached skill level 6 in Dodging
 10065 | D:9      | Received a gift from Okawaru
 10066 | D:9      | Got faintly humming quicksilver dragon scales {god gift}
 10217 | D:9      | Identified the quicksilver dragon scales of the Sky {MR+
                  | Str+6 Int+3} (Okawaru gifted it to you on level 9 of the
                  | Dungeon)
 10241 | D:9      | Found a staircase to the Lair.
 10878 | D:10     | Entered Level 10 of the Dungeon
 11038 | D:10     | Reached skill level 5 in Stealth
 11200 | D:10     | Reached skill level 5 in Invocations
 11546 | D:10     | Killed an unseen horror
 11546 | D:10     | Reached skill level 7 in Dodging
 11546 | D:10     | Reached XP level 11. HP: 71/79 MP: 14/14
 11599 | D:10     | Noticed b5mith's ghost (journeyman MiBe)
 11685 | D:10     | Found a large runed translucent door.
 11685 | D:10     | Found a large runed translucent door.
 11950 | D:10     | Found a runed translucent door.
 12210 | D:10     | Killed b5mith's ghost
 12704 | Lair:1   | Entered Level 1 of the Lair of Beasts
 12787 | Lair:1   | Received a gift from Okawaru
 12989 | Lair:1   | Identified a scroll of acquirement
 12989 | Lair:1   | Identified the amulet "Jomihol" {Harm *Drain Str+2} (You
                  | acquired it on level 1 of the Lair of Beasts)
 13163 | Lair:1   | Received a gift from Okawaru
 13296 | Lair:1   | Reached skill level 5 in Evocations
 13455 | Lair:1   | Received a gift from Okawaru
 13456 | Lair:1   | Got a shimmering ring mail {god gift}
 13460 | Lair:1   | Identified the +1 ring mail of the Moneychanger {+Fly}
                  | (Okawaru gifted it to you on level 1 of the Lair of Beasts)
 13694 | Lair:1   | Reached skill level 8 in Dodging
 14188 | Lair:1   | Noticed an oklob plant
 14371 | Lair:1   | Noticed an oklob plant
 14371 | Lair:1   | Noticed an oklob plant
 14384 | Lair:1   | an oklob plant changed into a wandering mushroom
 14492 | Lair:1   | an oklob plant changed into a wandering mushroom
 14496 | Lair:1   | Noticed a shambling mangrove
 14496 | Lair:1   | an oklob plant changed into a shambling mangrove
 15652 | Lair:2   | Reached ****** piety under Okawaru
 15876 | Lair:2   | Reached skill level 9 in Dodging
 15883 | Lair:2   | Killed a shambling mangrove
 15883 | Lair:2   | Gained mutation: You have claws for feet. [demonic
                  | ancestry]
 15883 | Lair:2   | Reached XP level 12. HP: 17/89 MP: 17/17
 16159 | Lair:2   | Noticed Maggie
 16189 | Lair:2   | Killed Maggie
 16442 | Lair:2   | Paralysed by a hornet for 2 turns
 17234 | Lair:3   | Found a hole to the Spider Nest.
 17243 | Lair:3   | Received a gift from Okawaru
 17370 | Lair:3   | Reached skill level 10 in Dodging
 17531 | Lair:3   | Reached skill level 5 in Fighting
 18129 | Lair:4   | Noticed an eight-headed hydra
 18147 | Lair:4   | Killed an eight-headed hydra
 18514 | Lair:4   | Reached skill level 11 in Dodging
 18650 | Lair:4   | Received a gift from Okawaru
 18705 | Lair:4   | Found a staircase to the Shoals.
 19362 | Lair:5   | Reached XP level 13. HP: 104/104 MP: 18/18
 19876 | Lair:5   | Reached skill level 12 in Dodging
 19936 | Lair:5   | Found a staircase to the Slime Pits.
 20167 | Lair:5   | Reached skill level 10 in Stealth
 20596 | Lair:6   | Entered Level 6 of the Lair of Beasts
 21310 | Lair:6   | Received a gift from Okawaru
 21465 | Lair:6   | Reached skill level 13 in Dodging
 21820 | Lair:6   | Received a gift from Okawaru
 22421 | Lair:6   | Received a gift from Okawaru
 22445 | Lair:6   | Was placed under penance by Okawaru
 22465 | Lair:6   | Was forgiven by Okawaru
 23122 | Orc:1    | Entered Level 1 of the Orcish Mines
 23127 | Orc:1    | Gained mutation: You are completely covered in icy blue
                  | scales. (AC +4, rC+) [demonic ancestry]
 23127 | Orc:1    | Reached XP level 14. HP: 112/116 MP: 19/19
 23643 | Orc:2    | Entered Level 2 of the Orcish Mines
 23953 | Orc:2    | Found a staircase to the Elven Halls.
 24353 | Orc:2    | Received a gift from Okawaru
 24354 | Orc:2    | Got a pair of blackened gloves {god gift}
 24389 | Orc:1    | Identified the +2 pair of gloves "Zexkaima" {rN+ rCorr
                  | Int-2} (Okawaru gifted it to you on level 2 of the Orcish
                  | Mines)
 24582 | Orc:2    | Reached skill level 10 in Shields
 24964 | Orc:2    | Found Keppit's Book Shop.
 25021 | Orc:2    | Found Urphadioji's Food Shop.
 25021 | Orc:2    | Found Taoblanke's Magic Scroll Emporium.
 25030 | Orc:2    | Found Etielene's Distillery.
 25030 | Orc:2    | Found Dyrurch Etuunk's Book Boutique.
 25177 | Orc:2    | Bought a scroll of remove curse for 45 gold pieces
 25177 | Orc:2    | Bought a scroll of identify for 30 gold pieces
 25177 | Orc:2    | Bought a scroll of silence for 112 gold pieces
 25177 | Orc:2    | Bought a scroll of identify for 30 gold pieces
 25177 | Orc:2    | Bought a scroll of identify for 30 gold pieces
 25177 | Orc:2    | Bought a scroll of remove curse for 45 gold pieces
 25177 | Orc:2    | Bought a scroll of fog for 30 gold pieces
 25177 | Orc:2    | Bought a scroll of identify for 30 gold pieces
 25177 | Orc:2    | Bought a scroll of teleportation for 45 gold pieces
 25177 | Orc:2    | Bought a scroll of teleportation for 45 gold pieces
 25177 | Orc:2    | Bought a scroll of fear for 52 gold pieces
 25177 | Orc:2    | Bought a scroll of enchant weapon for 112 gold pieces
 25186 | Orc:2    | Bought a potion of haste for 160 gold pieces
 25186 | Orc:2    | Bought a potion of curing for 48 gold pieces
 25186 | Orc:2    | Bought a potion of lignification for 48 gold pieces
 25186 | Orc:2    | Bought a potion of resistance for 160 gold pieces
 25186 | Orc:2    | Bought a potion of stabbing for 64 gold pieces
 25186 | Orc:2    | Bought a potion of lignification for 48 gold pieces
 25186 | Orc:2    | Bought a potion of might for 64 gold pieces
 25186 | Orc:2    | Bought a potion of invisibility for 128 gold pieces
 25828 | Orc:1    | Found Yptaod's Assorted Antiques.
 25834 | Orc:1    | Bought a steaming brass ring for 150 gold pieces
 25836 | Orc:1    | Identified the ring of Wagg {*Tele *Corrode rC- rN+++
                  | Int+4} (You bought it in a shop on level 1 of the Orcish
                  | Mines)
 25839 | Orc:1    | Bought an onyx ring for 150 gold pieces
 25839 | Orc:1    | Bought a jade ring for 150 gold pieces
 25839 | Orc:1    | Bought an ivory ring for 150 gold pieces
 25922 | Orc:1    | Bought a scroll of identify for 60 gold pieces
 25922 | Orc:1    | Bought a scroll of remove curse for 90 gold pieces
 25931 | Orc:1    | Learned a level 1 spell: Sting
 25934 | Orc:1    | Learned a level 2 spell: Poisonous Vapours
 25938 | Orc:1    | Learned a level 3 spell: Ignite Poison
 25942 | Orc:1    | Learned a level 3 spell: Mephitic Cloud
 26455 | D:11     | Reached skill level 1 in Poison Magic
 26517 | D:11     | Reached skill level 1 in Spellcasting
 27101 | D:11     | Found a stormy altar of Qazlal.
 27216 | D:11     | Found a runed translucent gate.
 27221 | D:11     | Found a runed translucent gate.
 27222 | D:11     | Found a runed translucent gate.
 27222 | D:11     | Noticed jonnos's ghost (journeyman MiFi)
 27539 | D:11     | Reached skill level 14 in Dodging
 27597 | D:11     | Killed jonnos's ghost
 27619 | D:11     | Mutation became permanent: You are robust. (+10% HP)
                  | [demonic ancestry]
 27619 | D:11     | Gained mutation: You are robust. (+10% HP) [demonic
                  | ancestry]
 27619 | D:11     | Reached XP level 15. HP: 115/124 MP: 20/20
 27708 | D:12     | Noticed Sonja
 27716 | D:12     | Killed Sonja
 27725 | D:12     | Noticed Urug
 27750 | D:12     | Killed Urug
 27750 | D:12     | Received a gift from Okawaru
 27905 | D:12     | Found a flagged portal.
 27925 | Bailey   | Entered a bailey
 28826 | D:12     | Noticed Erolcha
 28841 | D:12     | Killed Erolcha
 28954 | D:12     | Got an iridescent hand axe
 28955 | D:12     | Identified the +7 hand axe of Salt {vamp, +Fly rPois} (You
                  | found it on level 12 of the Dungeon)
 29199 | D:12     | Noticed Snorg
 29226 | D:12     | Killed Snorg
 29235 | D:12     | Reached skill level 1 in Transmutations
 29235 | D:12     | Reached skill level 1 in Air Magic
 29298 | D:12     | Reached skill level 5 in Poison Magic
 29317 | D:12     | Noticed Azrael
 29335 | D:12     | Killed Azrael
 29884 | D:13     | Reached skill level 1 in Long Blades
 30424 | D:13     | Gained mutation: You are very robust. (+20% HP) [demonic
                  | ancestry]
 30424 | D:13     | Reached XP level 16. HP: 117/144 MP: 22/22
 31198 | D:13     | Found a gate to the Vaults.
 31204 | D:13     | Reached skill level 5 in Long Blades
 31966 | D:14     | Received a gift from Okawaru
 31985 | D:14     | Got a dazzling falchion {god gift}
 31986 | D:14     | Identified the +5 falchion of Muloah {flame, rN+ Int-4
                  | Dex+2} (Okawaru gifted it to you on level 14 of the
                  | Dungeon)
 32253 | D:14     | Found a bloodstained altar of Trog.
 32554 | D:14     | Found a white marble altar of Elyvilon.
 32952 | Spider:1 | Entered Level 1 of the Spider Nest
 32993 | Spider:1 | Noticed Frances
 33026 | Spider:1 | Killed Frances
 33032 | Spider:1 | Reached skill level 1 in Conjurations
 33045 | Spider:1 | Reached skill level 1 in Fire Magic
 33684 | Elf:1    | Entered Level 1 of the Elven Halls
 34085 | Elf:1    | Received a gift from Okawaru
 34440 | Elf:1    | Noticed Nikola
 34473 | Elf:1    | Killed Nikola
 34530 | Elf:1    | Collided with a rock wall

Levels and vault maps discovered:
D:1:      ldierk_walled_garden, layout_rooms, corexii_leaking_fountain,
          hangedman_decor_opposing
D:2:      layout_basic
D:3:      layout_loops_ring, lightli_temple_of_fire, grunt_qazlal_clouds,
          lemuel_doored_altar, first_ration, st_stairs_4, minmay_ogre_servants
D:4:      minmay_chambers_of_fours, layout_rooms, xom_redecorated,
          kennysheep_flooded_box
D:5:      layout_basic, minmay_temple_entry_proselytizer
D:6:      layout_rooms, yredelemnul_altar_generic, portal_sewer_entry_d
D:7:      layout_loops_cross, grunt_livestock
D:8:      layout_basic, dancing_weapons_uskayaw, gammafunk_ghost_icy,
          kennysheep_generic_room_8
D:9:      layout_basic, nicolae_gozag_seed_capital, erik_lair_island,
          zombieorc1_lemuel, basic_altar
D:10:     layout_roguey, serial_ice, serial_ice_c, serial_ice_a, serial_ice_m,
          serial_ice_k, serial_ice_f, serial_ice_h, serial_ice_g, serial_ice_e,
          serial_ice_o, serial_ice_d, hellmonk_ghost_happy_afterlife,
          lightli_elemental_guards
D:11:     layout_irregular_city, gammafunk_ghost_spectres, basic_altar
D:12:     layout_irregular_city, enter_bailey_6, uniq_azrael, uniq_sonja,
          uniq_erolcha, uniq_urug, uniq_snorg
D:13:     layout_long_grid, erik_vaults_1, minmay_fractal_squares_gapless_7
D:14:     layout_long_grid, elyvilon_altar_5, serial_park_tiny_1,
          lemuel_altar_in_water
Temple:   minmay_freezing_vapour_temple
Lair:1:   dpeg_oklob_gauntlet, layout_loops_ring, grunt_forest_small_clearings,
          beast_lair_carwin_8
Lair:2:   layout_cave_shapes, grunt_forest_stairs_clearing, uniq_maggie
Lair:3:   layout_misc_corridors, spider_nest_entry_a, infiniplex_staircase_pool,
          grunt_megastairs_5, serial_bayou_shore_b
Lair:4:   layout_hall_layers, elwin_shoals_entry_rocks
Lair:5:   layout_regular_city, minmay_slime_entry_pillars, roderic_carrion_pond,
          grunt_megastairs_3, lemuel_fruit_fields
Lair:6:   evilmike_catoblepas_cave, layout_regular_city
Spider:1: layout_spider_delve, uniq_frances
Orc:1:    layout_caves, serial_shops, shop
Orc:2:    st_orc_ogre_mass, layout_caves, serial_shops,
          nicolae_shop_behind_doors
Elf:1:    layout_loops_cross, special_room [special_room_mythical_zoo],
          kennysheep_underground_church, uniq_nikola

Skill      XL: |  1  2  3  4  5  6  7  8  9 10 11 12 13 14 15 16 |
---------------+-------------------------------------------------+-----
Short Blades   | 2 3 5 6 7 8 10 | 10.0
Armour         | 1 2 4 |  4.3
Dodging        | 1 2 4 5 7 9 11 13 14 | 14.7
Shields        | 1 2 4 5 6 7 8 10 | 10.4
Invocations    | 5 7 |  7.5
Evocations     | 3 5 |  5.6
Stealth        | 5 7 9 11 | 11.1
Fighting       | 3 6 8 9 |  9.0
Throwing       | 4 |  4.4
Poison Magic   | 3 5 6 |  6.0
Spellcasting   | 3 4 |  4.2
Transmutations | 1 3 |  3.1
Air Magic      | 1 3 |  3.2
Long Blades    | 2 7 |  7.2
Conjurations   | 2 |  2.8
Fire Magic     | 2 |  2.5

Action                   |  1- 3 |  4- 6 |  7- 9 | 10-12 | 13-15 | 16-18 || total
-------------------------+-------+-------+-------+-------+-------+-------++-------
Melee: Dagger            |   118 |   115 |   442 |   994 |  1333 |   483 ||  3485
       Kick              |       |    35 |   128 |   415 |   679 |   232 ||  1489
Throw: Dart              |       |    12 |     4 |    28 |    65 |     3 ||   112
 Cast: Sting             |       |       |       |       |       |     3 ||     3
Invok: Heroism           |       |       |     1 |     6 |     7 |     1 ||    15
       Finesse           |       |       |       |     2 |     3 |       ||     5
Evoke: Wand              |       |       |       |    11 |     7 |     1 ||    19
       Phial of floods   |       |       |       |     1 |     1 |     1 ||     3
       Lamp of fire      |       |       |       |       |     1 |     2 ||     3
  Use: Scroll            |       |     5 |    10 |    13 |    17 |     4 ||    49
       Potion            |       |     1 |     1 |     3 |     3 |     4 ||    12
 Stab: Sleeping          |     4 |     3 |     5 |    14 |    15 |     6 ||    47
       Distracted        |       |       |       |     1 |     6 |     3 ||    10
       Petrified         |       |       |       |       |     1 |     1 ||     2
  Eat: Chunk             |     2 |     8 |    16 |    20 |    22 |     2 ||    70
       Ration            |       |       |       |     4 |     4 |     3 ||    11
Armor: Robe              |    19 |       |       |       |       |       ||    19
       Ring mail         |    18 |    22 |    72 |    15 |       |       ||   127
       Leather armour    |       |       |     5 |    10 |       |       ||    15
       Quicksilver drago |       |       |       |   123 |   145 |    61 ||   329
Dodge: Dodged            |    70 |    37 |    96 |   278 |   523 |   204 ||  1208
Block: Kite shield       |       |     5 |   151 |   449 |   655 |   278 ||  1538

Table legend:
 A = Non-vault XP
 B = Vault XP
 C = Vault XP percentage of total XP
 D = Non-vault monster count
 E = Vault monster count
 F = Vault count percentage of total count
                 A         B        C        D         E       F
            +---------+---------+-------+---------+---------+-------
      Total |   90617 |   53461 |  37.1 |     580 |     256 |  30.6
            +---------+---------+-------+---------+---------+-------
        D:1 |      29 |       0 |   0.0 |      17 |       0 |   0.0
        D:2 |      70 |       0 |   0.0 |      22 |       0 |   0.0
        D:3 |      74 |     131 |  63.9 |      12 |      11 |  47.8
        D:4 |     292 |     161 |  35.5 |      14 |       3 |  17.6
        D:5 |     679 |      41 |   5.7 |      28 |       1 |   3.4
        D:6 |     849 |      13 |   1.5 |      22 |       1 |   4.3
        D:7 |    1130 |     628 |  35.7 |      20 |       5 |  20.0
        D:8 |    1150 |       0 |   0.0 |      27 |       0 |   0.0
        D:9 |    1414 |    1133 |  44.5 |      28 |      36 |  56.2
       D:10 |    2436 |    3203 |  56.8 |      16 |      23 |  59.0
       D:11 |    3753 |    1363 |  26.6 |      19 |       4 |  17.4
       D:12 |    5185 |    5694 |  52.3 |      25 |      12 |  32.4
       D:13 |    9068 |    5863 |  39.3 |      37 |      10 |  21.3
       D:14 |    5614 |       0 |   0.0 |      23 |       0 |   0.0
     Lair:1 |    3165 |    2590 |  45.0 |      17 |       9 |  34.6
     Lair:2 |    3771 |    1891 |  33.4 |      24 |       8 |  25.0
     Lair:3 |    4640 |     752 |  13.9 |      27 |       4 |  12.9
     Lair:4 |    7129 |       0 |   0.0 |      23 |       0 |   0.0
     Lair:5 |    7376 |    1256 |  14.6 |      27 |      11 |  28.9
     Lair:6 |   10472 |    8521 |  44.9 |      39 |      23 |  37.1
   Spider:1 |    5681 |    2224 |  28.1 |      21 |       1 |   4.5
      Orc:1 |    2830 |       0 |   0.0 |      28 |       0 |   0.0
      Orc:2 |    5234 |   12071 |  69.8 |      47 |      30 |  39.0
      Elf:1 |    8576 |    3405 |  28.4 |      17 |       1 |   5.6
      Sewer |       0 |     220 | 100.0 |       0 |      24 | 100.0
     Bailey |       0 |    2301 | 100.0 |       0 |      39 | 100.0
            +---------+---------+-------+---------+---------+-------
